Map: Selva profunda EE

Players

jennie

  • Race: Zerg Zerg
  • League: Gold
  • Spawn Location: 7:00

Theone

  • Race: Terran Terran
  • League: Bronze
  • Spawn Location: 7:00

AshestoAshes

  • Race: Zerg Zerg
  • Spawn Location: 7:00

MrFercho - Winner!

  • Race: Zerg Zerg
  • League: Gold
  • Spawn Location: 1:00

tigro - Winner!

  • Race: Terran Terran
  • League: Bronze
  • Spawn Location: 1:00

TATORREA - Winner!

  • Race: Protoss Protoss
  • League: Gold
  • Spawn Location: 3:00

VOD

Have the link to the VOD?

Description

Time

  • Played on: July 23, 2020, 9:37 p.m.
  • Length: 10:15
Show
View Real Time Build Order
Export as new Build Order

jennie Zerg 

Build Orders: Pool First 

Get SALT Encoding   

  12  0:03  Drone  
  13  0:12  Overlord  
  13  0:17  Drone  
  14  0:30  Drone  
  14  0:31  Drone  
  16  0:45  Spawning Pool  
  15  0:54  Drone  
  15  0:55  Drone  
  17  1:03  Drone  
  18  1:25  Extractor  
  17  1:32  Queen  
  17  1:38  Hatchery  
  18  1:42  Drone x3  
  21  1:52  Extractor  
  21  1:53  Drone  
  21  2:12  Overlord  
  21  2:17  Drone  
  22  2:29  Queen  
  22  2:34  Drone  
  25  2:52  Queen  
  25  2:53  Drone  
  28  3:00  Drone  
  29  3:06  Lair  
  29  3:10  Drone  
  30  3:15  Drone  
  31  3:32  Drone  
  32  3:35  Drone x4  
  32  3:37  Overlord, Hatchery  
  32  3:38  Overlord  
  35  3:56  Drone x2  
  35  3:57  Drone  
  38  4:08  Hydralisk Den  
  38  4:09  Drone x2  
  40  4:10  Drone  
  40  4:14  Queen  
  42  4:27  Drone x2  
  42  4:29  Extractor  
  43  4:31  Extractor  
  43  4:38  Hydralisk x5  
  52  4:56  Queen  
  52  4:57  Drone  
  55  5:08  Hydralisk  
  55  5:10  Overlord  
  55  5:11  Overlord x2  
  57  5:17  Drone  
  58  5:27  Overlord x3  
  58  5:33  Hydralisk  
  58  5:34  Hydralisk  
  58  5:35  Hydralisk x2  
  64  5:37  Hydralisk  
  68  5:45  Evolution Chamber  
  68  5:46  Evolution Chamber  
  66  5:51  Evolution Chamber  
  65  6:01  Hydralisk x3  
  71  6:13  Drone x3  
  71  6:17  Zerg Melee Weapons Level 1  
  74  6:19  Zerg Missile Weapons Level 1  
  74  6:22  Zerg Ground Armor Level 1  
  74  6:30  Drone  
  75  6:33  Drone x4  
  75  6:34  Drone  
  75  6:36  Drone  
  75  6:38  Drone  
  68  7:12  Hydralisk  
  68  7:13  Hydralisk x7  
  68  7:15  Hydralisk x2  
  74  7:29  Hydralisk x3  
  74  7:30  Spine Crawler  
  74  7:31  Hydralisk  
  74  7:32  Hydralisk  
  74  7:34  Zergling x2  
  68  8:02  Zergling x4  
  68  8:03  Zergling x8  
  62  8:18  Queen  
  64  8:25  Spine Crawler  
  64  8:26  Spine Crawler  
  62  8:27  Drone x3  
  62  8:28  Drone x3  
  62  8:29  Drone x2  
  62  8:31  Drone x5  
  62  8:32  Drone x2  
  77  8:38  Extractor  
  77  8:40  Extractor  
  69  8:51  Hydralisk x2  
  69  8:52  Hydralisk x3  
  69  8:54  Queen  
  80  8:57  Spine Crawler  
  80  8:58  Spine Crawler  
  72  9:12  Hydralisk x3  
  72  9:13  Hydralisk  
  72  9:14  Hydralisk x5  
  90  9:31  Hydralisk x4  
Show
View Real Time Build Order
Export as new Build Order

Theone Terran 

Build Orders:  

Get SALT Encoding   

  12  0:02  SCV  
  13  0:14  SCV  
  14  0:26  SCV  
  15  0:40  Supply Depot  
  15  1:02  SCV  
  16  1:06  Barracks  
  16  1:14  SCV  
  17  1:21  Refinery  
  17  1:26  SCV  
  17  1:27  Engineering Bay  
  18  1:38  SCV  
  19  1:48  Refinery  
  19  1:50  SCV  
  20  1:55  Barracks, Supply Depot  
  20  1:56  Marine  
  21  2:03  SCV  
  22  2:14  Marine  
  23  2:17  Supply Depot  
  23  2:32  Marine  
  24  2:43  Barracks, Marine  
  25  2:49  Marine  
  25  2:50  SCV  
  27  2:57  Supply Depot  
  27  3:01  Marine  
  28  3:07  Marine  
  29  3:18  Marine  
  29  3:19  Supply Depot  
  30  3:25  Marine  
  31  3:30  Supply Depot  
  31  3:36  Reaper x2  
  33  3:41  Supply Depot  
  33  3:43  Reaper  
  29  4:02  Command Center  
  29  4:08  Reaper  
  29  4:09  Reaper  
  31  4:11  Factory  
  31  4:17  SCV  
  32  4:29  SCV  
  33  4:34  Reaper  
  34  4:55  Factory Tech Lab  
  34  4:56  Factory  
  34  5:08  Reaper  
  34  5:09  Marine  
  34  5:10  Reaper  
  37  5:22  SCV  
  38  5:29  Missile Turret  
  38  5:35  SCV  
  39  5:47  SCV  
  40  5:50  SCV, Missile Turret  
  40  5:54  Factory Tech Lab  
  41  5:59  SCV  
  41  6:02  SCV  
  43  6:08  Siege Tank  
  43  6:10  Missile Turret  
  43  6:11  SCV  
  47  6:14  SCV  
  47  6:17  Siege Tank  
  51  6:30  Refinery  
  51  6:31  Missile Turret  
  51  6:33  Refinery, SCV  
  52  6:40  Siege Tank  
  52  6:45  SCV  
  55  6:50  Missile Turret  
  39  7:10  Planetary Fortress  
  27  7:47  Hellion  
  29  8:07  SCV  
  29  8:08  Hellion  
  31  8:19  SCV  
  32  8:30  Hellion  
  32  8:31  SCV  
  35  8:43  SCV  
  33  8:55  SCV  
  33  8:57  Hellion  
Show
View Real Time Build Order
Export as new Build Order

AshestoAshes Zerg 

Build Orders: Pool First 

Get SALT Encoding   

  12  0:01  Drone  
  13  0:16  Drone  
  14  0:32  Spawning Pool  
  14  0:34  Drone  
  14  0:41  Overlord  
  14  0:42  Extractor  
  13  0:50  Drone  
  14  0:58  Overlord  
  14  1:11  Drone x2  
  16  1:19  Zergling x2  
  16  1:21  Queen  
  19  1:54  Zergling x6  
  22  1:57  Metabolic Boost  
  22  2:02  Queen  
  24  2:09  Zergling x2  
  25  2:16  Zergling x2  
  26  2:30  Drone  
  27  2:49  Lair  
  27  3:07  Hatchery  
  23  4:00  Zergling x12  
  26  4:19  Zergling x2, Hydralisk Den  
  26  4:20  Zergling x2  
  27  4:35  Drone x3  
  30  4:40  Drone  
  30  4:41  Drone x2  
  33  4:54  Extractor  
  33  4:56  Muscular Augments  
  33  4:57  Hydralisk x2  
  36  5:05  Overlord  
  36  5:06  Overlord x3  
  36  5:26  Queen  
  36  5:53  Drone  
  36  5:54  Drone x2  
  39  6:06  Spore Crawler  
  38  6:16  Spire  
  37  6:19  Drone x10  
  47  6:34  Drone x3  
  50  6:44  Hydralisk  
  50  6:45  Hydralisk x4  
  36  7:11  Hydralisk  
  36  7:12  Zergling x6  
  36  7:13  Zergling x6  
  34  7:33  Hydralisk x2  
  34  7:34  Zergling x2  
  21  8:05  Mutalisk x2  
  14  8:06  Mutalisk  
  17  9:02  Drone x2  
  19  9:03  Drone x5  
  19  9:09  Queen  
  26  9:32  Hydralisk x2  
  26  9:33  Hydralisk  
Show
View Real Time Build Order
Export as new Build Order

MrFercho Zerg - Winner!

Build Orders: Pool First 

Get SALT Encoding   

  12  0:20  Spawning Pool  
  11  0:26  Drone  
  11  0:27  Drone  
  13  0:36  Overlord  
  13  0:40  Drone  
  14  0:59  Drone x2  
  16  1:10  Queen  
  18  1:14  Zergling x2  
  19  1:32  Drone  
  20  1:34  Drone  
  21  1:42  Extractor, Hatchery  
  21  1:46  Zergling x2  
  20  1:58  Drone  
  21  2:09  Overlord  
  21  2:17  Drone  
  21  2:21  Overlord x2  
  22  2:28  Drone  
  23  2:41  Zergling x2  
  23  2:42  Zergling x2  
  25  2:53  Drone x2  
  25  2:54  Drone  
  25  2:58  Metabolic Boost  
  28  3:02  Drone  
  31  3:08  Queen  
  31  3:10  Drone x2  
  33  3:17  Drone x2  
  31  3:42  Drone  
  31  3:43  Drone x5  
  37  3:55  Spine Crawler  
  36  4:07  Zergling x10  
  42  4:19  Drone x2  
  44  4:25  Zergling x4  
  44  4:26  Zergling x2  
  47  4:41  Drone  
  47  4:42  Zergling x6  
  47  4:43  Zergling x2  
  52  4:46  Hatchery  
  51  4:55  Zergling x2  
  51  4:57  Overlord x2  
  51  4:58  Overlord x2  
  52  5:01  Lair  
  52  5:09  Baneling Nest  
  52  5:10  Drone  
  52  5:11  Roach Warren  
  52  5:12  Zergling x2  
  52  5:17  Drone  
  52  5:18  Drone  
  52  5:20  Zergling x10  
  59  5:32  Zergling x10  
  65  5:50  Zergling x6  
  67  6:04  Extractor  
  67  6:06  Queen  
  67  6:08  Zergling x10  
  73  6:17  Glial Reconstitution  
  73  6:21  Zergling x8  
  77  6:45  Zergling x6  
  77  6:46  Zergling x12  
  83  6:56  Zergling x12  
  84  7:16  Drone x5  
  84  7:19  Extractor  
  84  7:20  Extractor  
  71  7:55  Roach x11  
  71  7:56  Roach x2  
  80  8:09  Roach x6  
  86  8:17  Zergling x4  
  84  8:24  Hatchery  
  83  8:33  Zergling x14  
  90  8:53  Ravager  
  90  8:54  Ravager  
  90  8:55  Overlord x5  
  88  8:56  Overlord x4  
  80  9:10  Roach x6  
  80  9:39  Roach  
  80  9:40  Roach x12  
  106  9:51  Roach x2  
  106  9:52  Roach x3  
  116  9:57  Evolution Chamber  
Show
View Real Time Build Order
Export as new Build Order

tigro Terran - Winner!

Build Orders:  

Get SALT Encoding   

  12  0:13  SCV  
  13  0:17  Supply Depot  
  13  0:25  SCV  
  14  0:37  SCV  
  15  0:47  Barracks  
  15  0:49  SCV  
  16  0:54  Refinery  
  16  1:02  SCV  
  17  1:14  SCV  
  18  1:21  Supply Depot  
  18  1:26  SCV  
  19  1:34  Marine  
  19  1:38  SCV  
  21  1:42  Refinery  
  21  1:52  Marine  
  22  2:10  Marine  
  22  2:15  Factory  
  23  2:27  SCV  
  23  2:28  Marine  
  25  2:39  SCV  
  26  2:45  Marine  
  27  2:51  SCV  
  28  3:06  Factory Tech Lab  
  28  3:07  Engineering Bay  
  28  3:10  Barracks Tech Lab  
  28  3:29  Combat Shield  
  28  3:31  Marine  
  29  3:49  Marine  
  30  4:07  Marine  
  30  4:08  Orbital Command  
  31  4:24  Supply Depot  
  31  4:27  Starport  
  31  4:42  Marine, Siege Tank  
  35  4:48  Stimpack  
  35  5:00  Marine  
  36  5:14  Siege Tank  
  36  5:16  Command Center  
  36  5:17  Medivac  
  41  5:27  Armory  
  41  6:02  Marine  
  42  6:06  Terran Infantry Weapons Level 1  
  42  6:11  Starport Tech Lab  
  42  6:20  Marine  
  43  6:29  Refinery  
  43  6:38  Marine  
  44  6:41  Refinery  
  40  6:56  Marine  
  40  7:13  Marine  
  35  7:41  Marine  
  29  7:59  Marine  
  29  8:01  Terran Infantry Armor Level 1  
  26  8:15  Medivac  
  26  8:17  Thor, Marine  
  35  8:24  SCV  
  35  8:35  Marine  
  35  8:36  SCV  
  37  8:45  Medivac  
  37  8:48  SCV  
  40  8:53  Marine  
  41  9:00  Thor, SCV  
  47  9:10  Marine  
  47  9:12  SCV  
  49  9:24  Barracks  
  49  9:28  Marine  
  56  9:46  Marine  
Show
View Real Time Build Order
Export as new Build Order

TATORREA Protoss - Winner!

Build Orders:  

Get SALT Encoding   

  12  0:09  Probe  
  14  0:21  Probe  
  14  0:32  Pylon  
  14  0:47  Probe  
  14  0:55  Probe  
  16  1:05  Probe  
  16  1:09  Gateway  
  17  1:11  Gateway  
  17  1:17  Probe  
  18  1:22  Pylon  
  18  1:23  Assimilator  
  18  1:29  Probe  
  19  1:42  Pylon  
  19  1:43  Probe  
  19  1:45  Gateway  
  20  1:49  Assimilator  
  20  1:51  Probe  
  21  2:01  Probe  
  21  2:03  Cybernetics Core  
  22  2:09  Zealot  
  24  2:15  Zealot  
  27  2:22  Probe  
  27  2:51  Nexus  
  27  2:54  Pylon  
  27  3:01  Probe  
  27  3:04  Zealot  
  30  3:07  Warp Gate  
  30  3:11  Zealot  
  32  3:14  Probe  
  33  3:20  Zealot  
  35  4:03  Probe  
  35  4:04  Probe  
  37  4:17  Twilight Council  
  37  4:20  Gateway  
  37  4:22  Probe x2  
  37  4:23  Gateway  
  39  4:29  Pylon  
  39  4:34  Probe x2  
  39  4:35  Charge  
  41  4:46  Probe  
  41  4:47  Probe  
  43  4:55  Zealot x2  
  43  4:56  Zealot  
  49  5:03  Probe x2  
  51  5:14  Zealot  
  51  5:15  Probe x2, Zealot x2  
  59  5:26  Zealot x2  
  59  5:27  Probe x2  
  65  5:35  Assimilator, Zealot  
  67  5:37  Assimilator  
  67  5:38  Zealot  
  67  5:39  Probe  
  70  5:53  Pylon  
  70  5:57  Pylon  
  70  6:00  Pylon  
  70  6:11  Probe x2  
  70  6:12  Zealot x3  
  70  6:15  Zealot x2  
  82  6:23  Probe  
  57  7:07  Zealot  
  57  7:08  Zealot x4  
  51  7:14  Probe  
  54  7:37  Zealot x3  
  54  7:43  Nexus  
  60  7:45  Pylon  
  60  7:46  Pylon  
  60  8:00  Gateway  
  60  8:01  Gateway  
  60  8:04  Gateway  
  60  8:06  Gateway  
  60  8:07  Gateway  
  60  8:10  Gateway  
  60  8:12  Gateway  
  60  8:23  Zealot x4  
  60  8:24  Zealot  
  70  8:30  Probe x2  
  72  8:42  Probe x2  
  64  8:54  Probe x2  
  64  8:55  Zealot x4  
  66  8:56  Zealot x2  
  66  8:58  Zealot  
  66  9:02  Zealot x2  
  74  9:06  Probe  
  73  9:11  Stalker x3  
  75  9:25  Stalker x3  
  75  9:26  Stalker x4  
  75  9:27  Stalker  
  75  10:03  Zealot x3  
  75  10:04  Zealot x3  
  75  10:05  Zealot  
  81  10:06  Zealot  
Tags
 
Add a new tag
Caveats
  • Supply blocks, unpowered buildings, or Contaminate may cause inaccurate times.
  • Supply counts are checked every 10 seconds.